 Dungeon Crawl Stone Soup version 0.28-a0-895-g6e5f11bd55 (webtiles) character file.

Game seed: 6828751021322555809

70 ragingrage the Firebug (level 4, -1/39 HPs)
             Began as an Ogre Fire Elementalist on Nov 23, 2021.
             Slain by a ball python (2 damage)
             ... on level 2 of the Dungeon.
             The game lasted 00:03:11 (1832 turns).

ragingrage the Firebug (Ogre Fire Elementalist)     Turns: 1832, Time: 00:03:12

Health: -1/39      AC:  3    Str: 12    XL:     4   Next: 21%
Magic:  3/7        EV:  9    Int: 17    God:
Gold:   61         SH:  0    Dex:  9    Spells: 4/7 levels left

rFire   . . .      SeeInvis .   (no weapon)
rCold   . . .      Faith    .   (no shield)
rNeg    . . .      Spirit   .   a - +0 robe
rPois   .          Reflect  .   (helmet restricted)
rElec   .          Harm     .   (no cloak)
rCorr   .          Rampage  .   (gloves unavailable)
Will    .....                   (boots unavailable)
Stlth   +.........              (no amulet)
HPRegen 0.13/turn               (no ring)
MPRegen 0.10/turn               (no ring)

@: no status effects
A: large, unfitting armour, tough skin 1
a: no special abilities


You were on level 2 of the Dungeon.
You visited 1 branch of the dungeon, and saw 2 of its levels.

You collected 61 gold pieces.

Inventory:

Missiles
 d - 32 poisoned darts
Armour
 a - a +0 robe (worn)
Jewellery
 b - an amulet of magic regeneration
Scrolls
 e - a scroll of identify {unknown}
 g - 3 scrolls of enchant weapon {unknown}
 h - a scroll of magic mapping {unknown}
 j - a scroll of vulnerability {unknown}
Potions
 c - a potion of magic {unknown}
 f - a potion of flight {unknown}
 i - a potion of curing {unknown}
 k - a potion of berserk rage {unknown}


   Skills:
 - Level 1.7 Dodging
 - Level 1.4 Stealth
 - Level 2.4 Spellcasting
 + Level 2.5 Conjurations
 + Level 3.7 Fire Magic


You had 4 spell levels left.
You knew the following spells:

 Your Spells              Type           Power      Damage    Failure   Level
a - Foxfire               Conj/Fire      48%        2x1d6     5%          1
b - Scorch                Fire           28%        2d6       6%          2

Your spell library contained the following spells:

 Spells                   Type           Power      Damage    Failure   Level
 Conjure Flame            Conj/Fire      12%        6-21      16%         3
 Inner Flame              Hex/Fire       8%         N/A       26%         3
 Blink                    Tloc           4%         N/A       28%         2
 Flame Wave               Conj/Fire      12%        3d4       45%         4
 Lesser Beckoning         Tloc           2%         N/A       50%         3
 Manifold Assault         Tloc           2%         N/A       99%         5


Dungeon Overview and Level Annotations

Branches:
Dungeon (2/15)

Altars:

Annotations:
D:2 Natasha, Robin


Innate Abilities, Weirdness & Mutations

You are too large for most types of armour.
You have tough skin. (AC +1)


Message History

The ball python hisses angrily.
Robin throws the goblin at you! The goblin hits you but does no damage.
The goblin hits you but does no damage.
You closely miss the ball python. The goblin barely misses you.
The ball python bites you but does no damage.
The goblin barely misses you.
The ball python bites you but does no damage.
Robin throws the goblin at you! The goblin closely misses you.
You hit the goblin.
The goblin is heavily wounded.
The goblin no longer looks unusually strong.
Robin throws the goblin at you! The ball python bites you.
The goblin hits you with a +0 club. The goblin hits you with a +0 dagger.
You closely miss the goblin.
The goblin is heavily wounded.
The ball python bites you.
* * * LOW HITPOINT WARNING * * *
Robin closely misses you. The goblin hits you with a +0 club.
* * * LOW HITPOINT WARNING * * *
The ball python bites you but does no damage.
The goblin hits you but does no damage.
You barely miss the goblin.
The goblin is heavily wounded.
Robin laughs in a distinctly smug fashion.
Robin misses you. The goblin barely misses you. The ball python bites you.
* * * LOW HITPOINT WARNING * * *
The goblin barely misses you. Robin hits you with a +0 dagger.
* * * LOW HITPOINT WARNING * * *
The goblin hits you with a +0 club.
* * * LOW HITPOINT WARNING * * *
The ball python barely misses you.
The goblin no longer looks unusually strong.
Robin roars a battlecry!
The goblins go into a battle-frenzy!
Robin throws the goblin at you!
* * * LOW HITPOINT WARNING * * *
The goblin closely misses you.
You miss the goblin. The ball python bites you.
You die...

...†.............##........
#.#.
......)....................
#.
...........................
##
........##.................
........##.................
##......#####.......$....##
############..............
.........Sg....#
####...g@g..#### #.######.#
#. #.# #. #.# #. #.# #.#
..# ###


You could see Robin, 2 goblins and a ball python.

Vanquished Creatures
  Natasha (D:2)
  A dart slug (D:2)
  4 endoplasms (D:1)
  9 goblins
  8 hobgoblins
  5 kobolds
  2 quokkas (D:2)
  3 bats
  A frilled lizard (D:2)
  2 rats (D:1)
36 creatures vanquished.

Vanquished Creatures (others)
  5 demonic plants (D:2)
  110 foxfires
  6 fungi (D:2)
  3 plants (D:2)
  A withered plant (D:2)
125 creatures vanquished.

Grand Total: 161 creatures vanquished

Notes
Turn   | Place    | Note
-------+----------+-------------------------------------------
     0 | D:1      | ragingrage the Ogre Fire Elementalist began the quest for
                  | the Orb.
     0 | D:1      | Reached XP level 1. HP: 16/16 MP: 3/3
   100 | D:1      | Reached skill level 1 in Conjurations
   230 | D:1      | Reached XP level 2. HP: 24/24 MP: 0/5
   291 | D:1      | Reached skill level 3 in Fire Magic
  1356 | D:2      | Reached XP level 3. HP: 31/31 MP: 3/6
  1398 | D:2      | Learned a level 2 spell: Scorch
  1561 | D:2      | Noticed Natasha
  1567 | D:2      | Killed Natasha
  1626 | D:2      | Found a faded altar of an unknown god.
  1669 | D:2      | Noticed Natasha
  1745 | D:2      | Reached XP level 4. HP: 39/39 MP: 5/7
  1767 | D:2      | Noticed Robin
  1831 | D:2      | HP: 1/39 [Robin/goblin (3)]
  1832 | D:2      | Slain by a ball python

Illustrated notes

Levels and vault maps discovered:
D:1:      amcnicky_arrival_single_pillar, layout_basic, minmay_tromino_v4_a
D:2:      layout_basic, basic_altar, shapermc_ecumenical_altar_gd,
          minmay_misc_feat_room, uniq_robin, uniq_natasha

Skill      XL: |  1  2  3 |
---------------+----------+-----
Conjurations   | 1 2 |  2.5
Fire Magic     | 3 |  3.7
Dodging        | |  1.7
Stealth        | |  1.4
Spellcasting   | |  2.4

Action                   |  1- 3 |  4- 6 || total
-------------------------+-------+-------++-------
Melee: Unarmed           |     2 |     7 ||     9
 Cast: Foxfire           |    63 |     9 ||    72
       Scorch            |     1 |       ||     1
Armor: Robe              |     2 |     8 ||    10
Dodge: Dodged            |     2 |    10 ||    12

Table legend: (Time is in decaauts)
 A = Elapsed time spent in this place.
 B = Non-inter-level travel time spent in this place.
 C = Inter-level travel time spent in this place.
 D = Time resting spent in this place.
 E = Time spent auto-exploring this place.
 F = Levels seen in this place.
 G = Mean time per level.
                   A        B        C        D        E       F      G
               +--------+--------+--------+--------+--------+-----+--------+
         Total |   1831 |   1795 |     36 |     88 |   1272 |   2 |  915.5 |
       Dungeon |   1831 |   1795 |     36 |     88 |   1272 |   2 |  915.5 |
               +--------+--------+--------+--------+--------+-----+--------+

Top non-repeatable levels by time:
     D:1: 1280 daAuts
     D:2: 551 daAuts
